Map: Prion Terraces

Players

PiG - Winner!

  • Race: Zerg Zerg
  • League: Grandmaster

Pokebunny

  • Race: Terran Terran
  • League: Grandmaster

VOD

Have the link to the VOD?

Description

Time

  • Played on: April 6, 2016, 9:30 p.m.
  • Length: 10:31
Show
View Real Time Build Order
Export as new Build Order

PiG Zerg - Winner!

Build Orders: Hatch First, Muta Ling Bane 

Get SALT Encoding   

  12  0:01  Drone  
  13  0:12  Overlord  
  13  0:17  Drone  
  14  0:31  Drone x2  
  14  0:35  Drone  
  17  0:51  Hatchery  
  17  0:54  Drone  
  17  1:01  Drone  
  18  1:09  Extractor  
  17  1:12  Spawning Pool  
  17  1:14  Drone  
  17  1:18  Drone  
  18  1:30  Drone  
  19  1:40  Overlord  
  19  1:50  Drone  
  20  1:59  Queen  
  20  2:00  Zergling x2  
  23  2:03  Queen  
  23  2:04  Zergling x2  
  26  2:13  Metabolic Boost  
  26  2:14  Drone  
  26  2:15  Zergling x2  
  28  2:23  Drone  
  28  2:28  Drone  
  29  2:38  Drone  
  29  2:40  Queen  
  32  2:45  Hatchery  
  32  2:47  Drone  
  32  2:49  Drone  
  33  2:52  Overlord  
  33  2:59  Overlord  
  33  3:05  Drone x2  
  35  3:13  Drone x3  
  38  3:21  Overlord  
  38  3:24  Drone x4  
  42  3:44  Drone x2  
  42  3:46  Drone, Overlord x2  
  42  3:47  Overlord  
  45  3:52  Drone x4  
  49  3:59  Hatchery  
  48  4:02  Baneling Nest  
  48  4:04  Extractor  
  48  4:07  Drone x2  
  48  4:12  Zergling x6  
  48  4:13  Drone  
  52  4:19  Queen  
  52  4:21  Queen  
  56  4:27  Drone x2  
  56  4:28  Drone  
  56  4:29  Drone  
  56  4:30  Drone x2  
  62  4:33  Hatchery  
  62  4:35  Drone x2  
  62  4:36  Drone  
  64  4:46  Evolution Chamber  
  64  4:48  Overlord, Evolution Chamber  
  64  4:49  Drone x3  
  64  4:51  Drone  
  66  4:54  Zergling x8  
  70  5:00  Zergling x2  
  70  5:01  Zergling x6  
  70  5:03  Baneling x4  
  70  5:04  Baneling  
  74  5:10  Baneling  
  74  5:11  Zergling x14, Baneling  
  81  5:15  Zerg Melee Weapons Level 1  
  81  5:16  Zergling x2  
  81  5:17  Zergling x2  
  83  5:22  Zergling x8  
  83  5:39  Zerg Ground Armor Level 1  
  83  5:41  Drone  
  83  5:42  Extractor x2  
  82  5:43  Drone x2  
  82  5:45  Drone  
  82  5:46  Drone x2  
  85  5:51  Queen  
  85  5:56  Overlord x3  
  87  5:57  Lair  
  87  5:58  Drone x3  
  87  5:59  Drone x5  
  87  6:01  Baneling  
  87  6:02  Zergling x2  
  93  6:12  Overlord x2  
  93  6:13  Overlord  
  93  6:21  Zergling x22  
  93  6:25  Zergling x8  
  107  6:26  Baneling x3  
  107  6:30  Zergling x10  
  112  6:35  Zergling x6  
  112  6:40  Zergling x4  
  114  6:48  Zergling x12  
  100  6:56  Zergling x14  
  100  6:57  Zergling x8  
  100  6:58  Overseer  
  100  6:59  Baneling  
  100  7:00  Baneling x6  
  100  7:01  Zergling x8, Baneling x2  
  99  7:03  Centrifical Hooks  
  103  7:09  Zergling x6  
  103  7:11  Zergling x2  
  106  7:15  Zergling x10  
  106  7:16  Zergling x4  
  111  7:23  Zergling x14  
  114  7:39  Zergling x2  
  114  7:40  Zergling x6, Hatchery  
  114  7:44  Spire  
  113  7:45  Zergling x16  
  116  7:52  Zerg Ground Armor Level 2, Zerg Melee Weapons Level 2  
  116  7:57  Extractor  
  114  8:04  Zergling x6  
  114  8:05  Zergling x10  
  122  8:06  Baneling  
  122  8:07  Baneling  
  121  8:14  Hatchery  
  121  8:15  Zergling x8  
  119  8:27  Baneling x5  
  119  8:28  Baneling  
  119  8:31  Zergling x28  
  131  8:41  Zergling x6  
  127  8:58  Zergling x12  
  133  9:06  Zergling x18  
  136  9:28  Overlord  
  136  9:29  Overlord x2, Mutalisk x3  
  136  9:30  Mutalisk x5  
  152  9:32  Extractor  
  152  9:33  Zergling x10  
  152  9:36  Hatchery, Extractor  
  154  9:45  Pneumatized Carapace  
  153  9:53  Baneling x8  
  153  9:57  Zergling x24  
  153  9:58  Zergling x4  
  167  10:03  Zergling x4  
  167  10:04  Zergling x16  
  176  10:11  Zergling x6  
Show
View Real Time Build Order
Export as new Build Order

Pokebunny Terran 

Build Orders: Reaper Expand, MMM Bio 

Get SALT Encoding   

  12  0:01  SCV  
  13  0:13  SCV  
  14  0:17  Supply Depot  
  14  0:25  SCV  
  15  0:39  Barracks, SCV  
  16  0:43  Refinery  
  16  0:51  SCV  
  17  1:09  SCV  
  18  1:21  SCV  
  19  1:28  Reaper  
  20  1:33  Orbital Command  
  20  1:44  Command Center  
  20  1:57  Supply Depot  
  20  1:59  SCV  
  21  2:02  Barracks Reactor  
  21  2:09  Barracks  
  21  2:11  SCV  
  22  2:20  Barracks  
  22  2:23  SCV  
  22  2:28  Refinery  
  23  2:39  Marine x2  
  25  2:47  SCV  
  25  2:48  Factory  
  26  2:56  Barracks Tech Lab  
  26  3:00  SCV  
  26  3:02  Orbital Command  
  27  3:12  SCV  
  28  3:14  Marine  
  28  3:15  Marine  
  30  3:20  Stimpack  
  30  3:23  Marine  
  30  3:24  Marine  
  32  3:33  SCV x2  
  34  3:36  Starport  
  34  3:39  Factory Reactor  
  34  3:47  Marine x4  
  38  3:50  SCV  
  38  3:51  SCV  
  40  4:00  Supply Depot  
  40  4:02  Supply Depot  
  40  4:03  SCV  
  40  4:05  SCV  
  42  4:11  Marine x3  
  42  4:12  Marine  
  46  4:22  SCV x2  
  48  4:24  Factory Tech Lab, Medivac x2  
  48  4:25  Engineering Bay  
  52  4:31  Supply Depot, Marine x3  
  52  4:32  Marine  
  55  4:39  SCV x2  
  55  4:45  Siege Tank  
  60  4:49  Marine x2  
  60  4:50  Barracks Reactor  
  62  4:53  Marine  
  63  5:00  Supply Depot  
  63  5:05  Barracks  
  64  5:07  Barracks, SCV x2, Terran Infantry Weapons Level 1  
  64  5:08  Marine x2  
  64  5:10  Marine  
  68  5:15  Supply Depot  
  68  5:32  Marine x2  
  68  5:33  Combat Shields, Marine x2  
  69  5:40  Marine  
  69  5:44  Supply Depot  
  69  5:49  SCV x2  
  71  5:50  Siege Tank, Marine x3  
  71  5:51  Refinery, Marine  
  71  5:53  Marine  
  71  5:54  Marine  
  80  5:58  Supply Depot, Marine  
  80  5:59  Supply Depot  
  81  6:08  Supply Depot  
  81  6:09  Marine x4  
  85  6:11  Marine  
  85  6:12  Marine  
  85  6:16  Medivac  
  89  6:22  Marine  
  90  6:27  Supply Depot, Marine x4  
  90  6:30  Siege Tank  
  97  6:39  Marine x3  
  99  6:44  Marine  
  99  6:45  Marine  
  102  6:47  Marine  
  102  6:48  Command Center, Marine  
  95  6:57  Marine x3  
  96  7:02  Siege Tank, Marine  
  96  7:04  Marine  
  96  7:05  Marine x2  
  103  7:10  Medivac  
  103  7:15  Marine x3  
  102  7:31  Marine x4  
  102  7:33  Terran Infantry Armor Level 1  
  97  7:48  Marine x2  
  97  7:54  Barracks Reactor x2  
  97  7:57  Marine x3  
  98  8:02  Armory, Engineering Bay, Orbital Command  
  98  8:04  Barracks  
  98  8:07  Barracks  
  98  8:18  Marine x5  
  103  8:22  Medivac  
  103  8:26  Refinery  
  105  8:36  Orbital Command, Marine x3  
  108  8:43  Marine x4  
  112  8:55  Marine x3  
  94  9:02  Marine x3  
  91  9:03  Marine  
  91  9:08  SCV x3  
  95  9:17  Siege Tank  
  95  9:20  SCV x3  
  101  9:40  Refinery, SCV x3  
  104  9:48  Bunker  
  104  9:50  Marine x3  
  104  9:51  Marine x4  
  111  10:07  Marine x2  
  111  10:08  Marine  
Tags
 
Add a new tag
Caveats
  • Supply blocks, unpowered buildings, or Contaminate may cause inaccurate times.
  • Supply counts are checked every 10 seconds.